 Dungeon Crawl Stone Soup version 0.18-a0-1789-gbeff17f (webtiles) character file.

26 M4edhros the Grave Robber (level 3, 0/21 HPs)
             Began as an Octopode Necromancer on Apr 21, 2016.
             Slain by a giant gecko (4 damage)
             ... on level 2 of the Dungeon.
             The game lasted 00:01:55 (366 turns).

M4edhros the Grave Robber (Octopode Necromancer)     Turns: 366, Time: 00:01:56

Health: 0/21       AC:  1    Str:  7    XL:     3   Next: 8%
Magic:  2/6        EV: 12    Int: 17    God:
Gold:   32         SH:  0    Dex: 13    Spells: 2 memorised, 2 levels left

rFire  . . .     SeeInvis .     k - +0 dagger (venom)
rCold  . . .     Gourm    .     (no shield)
rNeg   . . .     Faith    .     (helmet restricted)
rPois  .         Spirit   .     (no amulet)
rElec  .         Dismiss  .     (no ring)
rCorr  .         Reflect  .     (no ring)
SustAt .         Harm     .     (no ring)
MR     .....                    (no ring)
Stlth  +++.......               (no ring)
                                (no ring)
                                (no ring)
                                (no ring)

@: not resistant to hostile enchantments, fairly stealthy
A: almost no armour, amphibious, 8 rings, constrict 8, camouflage 1, gelatinous
body 1
a: no special abilities


You were on level 2 of the Dungeon.
You were not hungry.

You visited 1 branch of the dungeon, and saw 2 of its levels.

You collected 32 gold pieces.

Inventory:

Hand Weapons
 e - a +0 hunting sling
 k - a +0 dagger of venom (weapon)
Missiles
 c - 3 tomahawks (quivered)
 g - 61 stones
Scrolls
 d - a scroll of magic mapping {unknown}
 f - a scroll of noise {unknown}
 i - a scroll of identify {unknown}
Books
 a - a book of Necromancy

   Spells                             Type                      Level
   a - Pain                           Necromancy                   1
   b - Animate Skeleton               Necromancy                   1
   c - Vampiric Draining              Necromancy                   3
   d - Regeneration                   Charms/Necromancy            3
   e - Animate Dead                   Necromancy                   4
   f - Control Undead                 Necromancy                   4
Comestibles
 b - a bread ration
 h - a royal jelly
 j - 5 chunks of flesh


   Skills:
 - Level 2.0 Dodging
 - Level 2.6 Stealth
 + Level 2.6 Unarmed Combat
 - Level 2.0 Spellcasting
 - Level 4.0 Necromancy


You had 2 spell levels left.
You knew the following spells:

 Your Spells              Type           Power        Failure   Level  Hunger
a - Pain                  Necr           ###.         3%          1    #......
b - Regeneration          Chrm/Necr      #.........   24%         3    ###....


Dungeon Overview and Level Annotations

Branches:
Dungeon (2/15)

Altars:


Innate Abilities, Weirdness & Mutations

You cannot wear most types of armour.
You are amphibious.
You can wear up to eight rings at the same time.
You can use your tentacles to constrict eight enemies at once.
Your skin changes colour to match your surroundings (Stealth).
Your rubbery body absorbs attacks (AC +1).


Message History

Aim: a giant gecko (clinging, chance to defeat MR: 92%)
The giant gecko convulses in agony!
Casting: Pain
Confirm with . or Enter, or press ? or * to list all spells.
Aiming: Pain
Press: ? - help, Shift-Dir - straight line, f/p - giant gecko
Aim: a giant gecko (moderately wounded, clinging, chance to defeat MR: 92%)
The giant gecko barely resists.
Your magical contamination has completely faded away.
You hit the giant gecko but do no damage.
The giant gecko is poisoned.
Your grab misses the giant gecko.
The giant gecko is moderately wounded.
The giant gecko bites you.
* * * LOW HITPOINT WARNING * * *
The giant gecko bites you but does no damage.
You miss the giant gecko. Your grab misses the giant gecko.
Your squeeze misses the giant gecko.
The giant gecko is severely wounded.
The giant gecko bites you.
You die...

###############
......l@......##########
###.#########..........#
##########<# #.# #.# #..
###


You could see a giant gecko.

Vanquished Creatures
  2 dart slugs (D:1)
  6 bats (D:1)
  A giant cockroach (D:1)
  5 goblins (D:1)
  2 hobgoblins (D:1)
  A ball python (D:2)
  3 kobolds (D:1)
  A rat (D:1)
21 creatures vanquished.

Notes
Turn   | Place    | Note
--------------------------------------------------------------
     0 | D:1      | M4edhros the Octopode Necromancer began the quest for the Orb.
     0 | D:1      | Reached XP level 1. HP: 11/11 MP: 3/3
    81 | D:1      | Reached skill level 1 in Unarmed Combat
   111 | D:1      | Reached XP level 2. HP: 15/17 MP: 3/5
   293 | D:1      | Reached XP level 3. HP: 3/21 MP: 3/6
   298 | D:1      | Learned a level 3 spell: Regeneration
   366 | D:2      | Slain by a giant gecko

Vault maps used:
D:1:      dpeg_arrival_rhombus, minmay_misc_feat_plants
D:2:      grunt_temple_overflow_open, kennysheep_pointless_box,
          nrook_mini_backslash, hex_tiny, uniq_iyjb

Skill      XL: |  1  2 |
---------------+-------+-----
Unarmed Combat | 1 2 |  2.6
Dodging        | |  2.0
Stealth        | |  2.6
Spellcasting   | |  2.0
Necromancy     | |  4.0

Action                   || total
-------------------------++-------
Melee: Unarmed           ||    14
       Constrict         ||     6
       Tentacles         ||     5
       Dagger            ||     5
 Cast: Pain              ||    23
       Regeneration      ||     1
  Use: Potion            ||     2
 Stab: Sleeping          ||     1
       Distracted        ||     1
Armor: Skin              ||     6
Dodge: Dodged            ||    18
